 Dungeon Crawl Stone Soup version 0.30.0-12-gd5a94ecb5d (webtiles) character file.

Game seed: 13122603920902906609

3496 McKennaii the Destroyer (level 9, -8/62 HPs)
             Began as a Demigod Conjurer on May 16, 2023.
             Frozen to death by LaMa's ghost (19 damage)
             ... on level 5 of the Dungeon on May 17, 2023.
             The game lasted 00:14:10 (9195 turns).

McKennaii the Destroyer (Demigod Conjurer)          Turns: 9195, Time: 00:14:11

Health: -8/62      AC:  6    Str:  8    XL:     9   Next: 51%
Magic:  1/26       EV:  4    Int: 32    God:
Gold:   419        SH: 25    Dex: 12    Spells: 20/27 levels left

rFire   + . .        h - +1 dagger (venom)
rCold   . . .        D - +18 shield of the Gong {Loud rN+ Will+ rCorr EV-5}
rNeg    + . .        c - +2 robe {rF+}
rPois   +            (no helmet)
rElec   .            a - +0 cloak
rCorr   +            (no gloves)
SInv    .            g - +0 pair of boots
Will    ++...        (no amulet)
Stlth   ++           j - ring of willpower
HPRegen 0.30/turn    o - ring of poison resistance
MPRegen 0.20/turn

%: no passive effects
@: very slightly contaminated
A: high MP 1, forlorn, divine attributes
a: no special abilities


You were on level 5 of the Dungeon.
You visited 1 branch of the dungeon, and saw 8 of its levels.
You also visited: Ossuary.

You collected 419 gold pieces.

Inventory:

Hand Weapons
 h - a +1 dagger of venom (weapon)
Armour
 a - a +0 cloak (worn)
 c - a +2 robe of fire resistance (worn)
 g - a +0 pair of boots (worn)
 t - the +4 chain mail of the Dice {Int+8 Dex-2 Slay+5}
   (You found it on level 3 of the Dungeon)

   Int:       It affects your intelligence (+8).
   Dex:       It affects your dexterity (-2).
   Slay:      It affects your accuracy & damage with ranged weapons and melee
   (+5).
 D - the +18 shield of the Gong (worn) {Loud rN+ Will+ rCorr EV-5}
   (You found it on level 7 of the Dungeon)

   Loud:      It is deafeningly noisy when blocking attacks.
   EV:        It affects your evasion (-5).
   rN:        It protects you from negative energy.
   rCorr:     It protects you from acid and corrosion.
   Will:      It increases your willpower.
Jewellery
 j - a ring of willpower (left hand)
 k - a ring of protection from cold
 o - a ring of poison resistance (right hand)
Wands
 e - a wand of polymorph (5)
 w - a wand of iceblast (7)
Scrolls
 d - 2 scrolls of teleportation
 f - a scroll of butterflies
 l - a scroll of immolation
 p - 6 scrolls of fog
 q - 4 scrolls of identify
 x - 2 scrolls of torment {unknown}
 y - 3 scrolls of amnesia {unknown}
 B - a scroll of magic mapping {unknown}
 C - 3 scrolls of brand weapon {unknown}
Potions
 b - a potion of magic
 i - a potion of resistance
 m - 4 potions of heal wounds
 n - 2 potions of lignification
 r - 2 potions of curing
 s - 3 potions of brilliance
 u - a potion of flight
 v - a potion of mutation
 z - a potion of cancellation {unknown}
 A - a potion of might {unknown}


   Skills:
 - Level 1.7 Dodging
 - Level 1.7 Stealth
 * Level 0.9 Shields
 + Level 9.5 Spellcasting
 + Level 10.8 Conjurations


You had 20 spell levels left.
You knew the following spells:

 Your Spells              Type           Power      Damage    Failure   Level
a - Magic Dart            Conj           100%       1d8       1%          1
b - Searing Ray           Conj           100%       2d8       1%          2
c - Iskenderun's Mystic   Conj/Tloc      49%        2d11      24%         4

Your spell library contained the following spells:

 Spells                   Type           Power      Damage    Failure   Level
 Kiss of Death            Conj/Necr      100%       2d13      2%          1
 Dazzling Flash           Conj/Hex       98%        N/A       7%          3
 Slow                     Hex            60%        N/A       22%         1
 Fulminant Prism          Conj/Hex       24%        3d12      24%         4
 Confusing Touch          Hex            15%        N/A       54%         3
 Vampiric Draining        Necr           15%        2d7       54%         3
 Vhi's Electric Charge    Tloc/Air       30%        N/A       54%         3
 Volatile Blastmotes      Fire/Tloc      30%        2d12      54%         3
 Arcjolt                  Conj/Air       24%        1d34      54%         5
 Dispel Undead            Necr           15%        3d10      91%         4
 Starburst                Conj/Fire      24%        6d8       98%         6
 Maxwell's Capacitive Co  Air            7%         ∞         100%        8


Dungeon Overview and Level Annotations

Branches:
Dungeon (8/15)             Temple (0/1) D:7         Ossuary (visited)
   Lair: D:8-11

Annotations:
D:5 LaMa's ghost, novice DrIE


Innate Abilities, Weirdness & Mutations

You have an increased reservoir of magic. (+10% MP)
You shall have no god before yourself.
Your divine heritage dramatically boosts your attributes as you level up.


Message History

You block LaMa's ghost's attack.
GONNNNG!
The searing ray hits LaMa's ghost.
LaMa's ghost is moderately damaged.
You block LaMa's ghost's attack.
GONNNNG!
The searing ray hits LaMa's ghost!
LaMa's ghost is heavily damaged.
LaMa's ghost freezes you.
You are frozen!
The searing ray misses LaMa's ghost.
You finish channelling your searing ray.
You block LaMa's ghost's attack.
GONNNNG!
Unknown command.
Casting: Searing Ray (safe; 1% risk of failure)
Confirm with . or Enter, or press ? or * to list all spells.
Aiming: Searing Ray (safe; 1% risk of failure)
Press: ? - help, Shift-Dir - straight line, f/p - LaMa's ghost
Aim: LaMa's ghost (heavily damaged, 79% to hit)
The searing ray hits LaMa's ghost.
LaMa's ghost is heavily damaged. (Press . to maintain the ray.)
You block LaMa's ghost's attack.
GONNNNG!
The searing ray hits LaMa's ghost.
LaMa's ghost is heavily damaged.
You block LaMa's ghost's attack.
PANG!
The searing ray hits LaMa's ghost.
LaMa's ghost is severely damaged.
LaMa's ghost freezes you.
You are frozen!
* * * LOW HITPOINT WARNING * * *
The searing ray hits LaMa's ghost.
LaMa's ghost is severely damaged.
You finish channelling your searing ray.
LaMa's ghost freezes you.
You are frozen!!
You die...

##......# ##.....### ###########
#####...#....## #
...#.#....####.......#.....# #
............##.....#...#.##### #
..#.........#....###.......#.####
..###...........####.........##..
...###....##...†.................
...#...........W@............#...
...............#########...##....
..............##yW.....##..#....#
..............#8.#...#.8#.....#.<
.........###..#...#.#...#.....##.
....#..#......#[....)...#........
...##.##.#...©#(...©....#©.......
...##..#.#....#[........#........
...##.##......#...#.#...#......##


You could see a hornet, a phantom and LaMa's ghost.

Vanquished Creatures
  2 vault sentinels (D:7)
  Sigmund (D:3)
  2 water moccasins
  An orc warrior (D:6)
  3 sky beasts
  A black bear (D:6)
  A centaur (D:7)
  A kobold brigand (D:6)
  An elf zombie (Ossuary)
  5 scorpions
  9 wights (D:7)
  4 centaur zombies (Ossuary)
  4 human zombies (Ossuary)
  2 hounds
  3 orc priests
  2 sleepcaps (D:6)
  3 iguanas
  4 orc wizards
  2 mummies (Ossuary)
  A gnoll (D:3)
  7 adders
  2 shadow imps
  An ufetubus (D:5)
  2 adder zombies (Ossuary)
  3 dart slugs
  31 orcs
  12 endoplasms
  9 giant cockroaches
  14 goblins
  11 hobgoblins
  7 jackals
  4 quokkas
  7 ball pythons
  6 bats
  5 frilled lizards
  2 goblin zombies (Ossuary)
  8 hobgoblin zombies (Ossuary)
  10 kobolds
  5 kobold zombies (Ossuary)
  11 orc zombies (Ossuary)
  6 rats
215 creatures vanquished.

Notes
Turn   | Place    | Note
-------+----------+-------------------------------------------
     0 | D:1      | McKennaii the Demigod Conjurer began the quest for the Orb.
     0 | D:1      | Reached XP level 1. HP: 14/14 MP: 5/5
   487 | D:1      | Reached XP level 2. HP: 20/20 MP: 5/7
   780 | D:1      | Reached skill level 4 in Conjurations
  1080 | D:1      | Learned a level 2 spell: Searing Ray
  1549 | D:2      | Reached XP level 3. HP: 26/26 MP: 4/9
  2282 | D:3      | Reached XP level 4. HP: 33/33 MP: 4/11
  2363 | D:3      | Identified the +1 robe of the True Pharaoh {Fly}
  2780 | D:3      | Identified the +4 chain mail of the Dice {Int+8 Dex-2
                  | Slay+5}
  2952 | D:3      | Upgraded the game from 0.30.0-10-gfe55d96785 to
                  | 0.30.0-12-gd5a94ecb5d
  3155 | D:3      | Noticed Sigmund
  3164 | D:3      | Reached skill level 8 in Conjurations
  3164 | D:3      | Reached XP level 5. HP: 30/38 MP: 6/18
  3182 | D:3      | Killed Sigmund
  3183 | D:3      | Reached XP level 6. HP: 41/45 MP: 16/20
  3695 | D:4      | Identified the +0 leather armour of Vukh {rF+ Will- Dex+3}
  3729 | D:4      | Reached skill level 9 in Conjurations
  4580 | D:4      | Reached XP level 7. HP: 50/50 MP: 19/22
  5282 | D:5      | Entered Level 5 of the Dungeon
  5497 | D:5      | Noticed a hornet
  5502 | D:5      | Noticed LaMa's ghost (novice DrIE)
  5506 | D:5      | Found a transporter.
  5515 | D:5      | Found a transporter.
  5565 | D:5      | Found a sand-covered staircase.
  5573 | Ossuary  | Entered an ossuary
  6075 | Ossuary  | Reached XP level 8. HP: 57/57 MP: 9/24
  6474 | D:5      | Learned a level 4 spell: Iskenderun's Mystic Blast
  6995 | D:6      | Reached skill level 10 in Conjurations
  8373 | D:7      | Reached XP level 9. HP: 47/60 MP: 21/26
  8774 | D:7      | Found a staircase to the Ecumenical Temple.
  8987 | D:7      | Noticed a vault sentinel
  8987 | D:7      | Noticed a vault sentinel
  9015 | D:7      | Killed a vault sentinel
  9038 | D:7      | Killed a vault sentinel
  9074 | D:7      | Found the +18 shield of the Gong {Loud rN+ Will+ rCorr
                  | EV-5}
  9195 | D:5      | Frozen to death by LaMa's ghost

Illustrated notes

Levels and vault maps discovered:
D:1:      ldierk_walled_garden, layout_basic
D:2:      layout_loops_ring, kennysheep_generic_room_12
D:3:      minmay_bubble_buster, layout_loops_cross, serial_rivers,
          chequers_serial_rivers_micro_b, chequers_serial_rivers_micro_b,
          chequers_serial_rivers_small_a, chequers_serial_rivers_room_a,
          chequers_serial_rivers_marsh, chequers_serial_rivers_marsh,
          shapermc_ecumenical_altar_hornbeckon, minmay_goblin_kobold_house,
          uniq_sigmund
D:4:      layout_basic, gup_sewer_entry_bubbles, minmay_door_square
D:5:      layout_cave_pools, chequers_ossuary_entry_cave, gammafunk_ghost_arena,
          minivault_1
D:6:      corexii_shack_village, layout_loops_ring, nicolae_uskayaw_dance_hall
D:7:      layout_cave_pools, overflow_temple_1_default, temple_doors_cd,
          hellmonk_guarded_unrand_gong
D:8:      layout_rooms, nicolae_overflow_crystal_walls, nicolae_water_bricks,
          minmay_misc_feat_diagonals, minmay_misc_feat_plants,
          nicolae_shop_clearance, uniq_psyche

Skill      XL: |  1  2  3  4  5  6  7  8 |
---------------+-------------------------+-----
Spellcasting   | 2 3 7 8 9 |  9.5
Conjurations   | 4 8 9 10 | 10.8
Dodging        | |  1.7
Stealth        | |  1.7
Shields        | |  0.9

Action                     |  1- 3 |  4- 6 |  7- 9 || total
---------------------------+-------+-------+-------++-------
  Melee: Dagger            |       |     3 |    17 ||    20
   Cast: Magic Dart        |    71 |    62 |   165 ||   298
         Searing Ray       |     4 |    14 |    47 ||    65
         Iskenderun's Myst |       |       |    10 ||    10
  Evoke: Wand              |       |       |    10 ||    10
    Use: Potion            |       |     5 |       ||     5
         Scroll            |       |     8 |     4 ||    12
 Armour: Robe              |     6 |     3 |    25 ||    34
  Dodge: Dodged            |    20 |    16 |    48 ||    84
  Block: Kite shield       |       |       |    22 ||    22
